 Dungeon Crawl Stone Soup version 0.22.0-49-gab54619674 (webtiles) character file.

54 Darkell the Chiller (level 3, -3/24 HPs)
             Began as a Demonspawn Ice Elementalist on Sept 9, 2018.
             Slain by a goblin
             ... wielding a +0 dagger
             ... led by Robin
              (6 damage)
             ... on level 2 of the Dungeon.
             The game lasted 00:01:32 (1609 turns).

Darkell the Chiller (Demonspawn Ice Elementalist)   Turns: 1609, Time: 00:01:32

Health: -3/24      AC:  2    Str:  9    XL:     3   Next: 66%
Magic:  1/6        EV: 12    Int: 14    God:
Gold:   55         SH:  0    Dex: 13    Spells: 5/6 levels left

rFire    . . .     SeeInvis .   d - -2 mace (curse)
rCold    . . .     Gourm    .   (no shield)
rNeg     . . .     Faith    .   a - +0 robe
rPois    .         Spirit   .   (no helmet)
rElec    .         Reflect  .   (no cloak)
rCorr    .         Harm     .   (no gloves)
MR       .....                  (no boots)
Stlth    ++........             (no amulet)
HPRegen  0.08/turn              b - -2 ring of intelligence (curse)
MPRegen  0.10/turn              (no ring)

@: no status effects
A: claws 2
a: no special abilities


You were on level 2 of the Dungeon.
You were not hungry.

You visited 1 branch of the dungeon, and saw 2 of its levels.

You collected 55 gold pieces.

Inventory:

Hand Weapons
 d - a cursed -2 mace (weapon)
Armour
 a - a +0 robe (worn)
Jewellery
 b - a cursed -2 ring of intelligence (left claw)
 j - an uncursed ring of magical power {unknown}
Scrolls
 e - a scroll of teleportation
 g - a scroll of enchant weapon {unknown}
 i - 2 scrolls of identify
Potions
 f - a potion of heal wounds
 h - a potion of mutation {unknown}
Comestibles
 c - 2 rations


   Skills:
 - Level 1.7 Dodging
 - Level 1.7 Stealth
 - Level 2.0 Spellcasting
   Level 1.0 Conjurations
 + Level 4.2 Ice Magic


You had 5 spell levels left.
You knew the following spells:

 Your Spells              Type           Power        Failure   Level  Hunger
a - Freeze                Ice            ##..         4%          1    ##.....

Your spell library contained the following spells:

 Spells                   Type           Power        Failure   Level  Hunger
 Throw Frost              Conj/Ice       #.....       12%         2    ###....
 Ozocubu's Armour         Chrm/Ice       #.......     30%         3    ####...
 Throw Icicle             Conj/Ice       #.......     63%         4    #####..
 Summon Ice Beast         Ice/Summ       #.......     69%         4    #####..


Dungeon Overview and Level Annotations

Branches:
Dungeon (2/15)

Altars:


Innate Abilities, Weirdness & Mutations

You have very sharp fingernails.


Message History

Confirm with . or Enter, or press ? or * to list all spells.
You don't have enough magic to cast that spell.
Things that are here:
a dagger; an animal skin; a helmet The goblin no longer looks unusually strong.
A kobold comes into view.
The kobold shouts!
The kobold throws a stone.
The stone hits you but does no damage.
You see here a stone.
The kobold closely misses you.
Casting: Freeze (safe; 4% risk of failure)
Confirm with . or Enter, or press ? or * to list all spells.
Aiming: Freeze (safe; 4% risk of failure)
Press: ? - help, Shift-Dir - straight line, f - kobold, p - goblin
Aim: a kobold You freeze the kobold.
You kill the kobold!
You see here a stone.
The goblin hits you with a dagger.
You die...

.. .. #.# #. #.# #.##.#
#..#.# #.#.#
#...############.
#...(.(g@.......
#..############# #..#
#..# #..#
#######..###############
.......$....)..........#
#######..###########.###
#.>)gggg.. #.#


You could see a goblin.

Vanquished Creatures
  Robin (D:2)
  An adder (D:2)
  2 dart slugs
  2 leopard geckos (D:1)
  4 bats
  9 goblins
  2 hobgoblins (D:1)
  A ball python (D:1)
  2 frilled lizards (D:1)
  2 kobolds
  2 rats (D:1)
28 creatures vanquished.

Notes
Turn   | Place    | Note
-------+----------+-------------------------------------------
     0 | D:1      | Darkell the Demonspawn Ice Elementalist began the quest for
                  | the Orb.
     0 | D:1      | Reached XP level 1. HP: 13/13 MP: 3/3
   260 | D:1      | Reached skill level 3 in Ice Magic
   454 | D:1      | Gained mutation: You have sharp fingernails. [demonic
                  | ancestry]
   454 | D:1      | Reached XP level 2. HP: 16/19 MP: 1/5
  1154 | D:2      | Gained mutation: You have very sharp fingernails. [demonic
                  | ancestry]
  1154 | D:2      | Reached XP level 3. HP: 13/24 MP: 0/6
  1366 | D:2      | Reached skill level 4 in Ice Magic
  1579 | D:2      | Noticed Robin
  1591 | D:2      | HP: 1/24 [goblin/dagger[Robin] (4)]
  1592 | D:2      | Killed Robin
  1609 | D:2      | Slain by a goblin

Skill      XL: |  1  2  3 |
---------------+----------+-----
Ice Magic      | 3 4 |  4.2
Dodging        | |  1.7
Stealth        | |  1.7
Spellcasting   | |  2.0
Conjurations   | |  1.0

Action                   || total
-------------------------++-------
Melee: Unarmed           ||    17
       Mace              ||    21
 Cast: Freeze            ||    44
  Use: Scroll            ||     4
  Eat: Chunk             ||     3
Armor: Robe              ||    23
Dodge: Dodged            ||    52
